Workbook

Sheet Instructions
A1: State of New Jersey - Technical Questionnaire Instructions
A2: Questions are organized into the following categories (there are separate tabs for each):
A4: I | B4: Organization and Market Focus (Section 1 and Section 1, #8-11)
A6: II | B6: Recordkeeping Services
A8: III | B8: Participant Experience
A10: IV | B10: Plan Sponsor Experience (Section IV and Section IV - Client Service Team)
A12: V | B12: Investment Products
A14: VI | B14: Fee Flexibility and Transparency
A16: VII | B16: Custom Questions
A18: VIII | B18: Investment Lineup Capabilities
A20: Within sections I and II, specific attachments are requested. Please check the boxes below to indicate that these are being included with your response.
A25: Within section V, an open architecture investment platform is required. Please check below that you included a sample investment menu
A29: Within section VIII, please use the below instructions to ensure a complete response.
B30: The client's preferred fund lineup (made up of current and/or proposed funds) has been provided, please indicate if you are able to accommodate each fund. If you can, there is no need to provide an alternative fund. However, if you cannot accommodate the fund, you may propose an alternative. Note that any alternatives you propose will be evaluated relative to those offered by your peers and it is imperative that you take the time to choose a competitive fund. In order for your answers to be considered you will need to provide all of the requested information. Spreadsheets that have been altered in any way will not be accepted. Revenue sharing refers to any investment fees (included as part of the fund’s expense ratio) which are being reimbursed to your recordkeeping firm to support the fund’s shareholders (Plan participants). These could include 12b-1 fees, sub-transfer agency fees, or any other shareholder servicing fees. Please provide the total revenue sharing available for each fund (i.e., current / preferred fund and alternate fund, if applicable) according to the terms of your agreements with the investment managers.
A39: Please include a copy of the following items with your response.

Sheet Section I
C1: Vendor: | D1: [Enter Bidding Recordkeeper Firm Name]
A3: I. | B3: Question | C3: Answer Format | D3: Vendor Response | G3: Comments
B4: Organization and Market Focus
A5: 1 | B5: Has your firm merged with, been acquired by, or acquired another organization within the past five years? | C5: dropdown
A6: =+A5+1 -> 2 | B6: Indicate what year your firm became active in the defined contribution recordkeeping /administration business. | C6: number
A7: 3 | B7: Provide the total number of employees within your firm's defined contribution plan recordkeeping /administration business. | C7: number
A8: 4 | B8: Are the following services done in-house, or on an outsourced basis (e.g., partially or fully)? If outsourced provide the requested information.
B9: Recordkeeping/Administration | C9: dropdown
B10: Regulatory/Compliance | C10: dropdown
B11: Trustee/Custodial | C11: dropdown
B12: Communication/Education | C12: dropdown
B13: Conversion/Implementation | C13: dropdown
A14: 5 | B14: Are all of your defined contribution plan operations performed in the U.S.?
B15: All defined contribution plan operations | C15: dropdown
B16: Back office recordkeeping / administrative services | C16: dropdown
B17: Call center | C17: dropdown
B18: Communication services | C18: dropdown
B19: Information technology | C19: dropdown
B20: Other not in U.S. (specify in Comments column) | C20: dropdown
A21: 6 | B21: What is the total number of participants (with an account balance) across all of the defined contribution plans of your firm that you recordkeep? | C21: number
A22: 7 | B22: What is the average size of the defined contribution plans (across all market segments) your firm provides recordkeeping services for?
B23: By Participant Count | C23: number
B24: By Asset Size | C24: number
A25: 8 | B25: Indicate how many governmental plans you currently recordkeep (across all market segments) for the following plan types in each of the following participant count ranges (provide response in the tab labeled "Section I, #8-11")
A26: 9 | B26: Indicate how many governmental plans you currently recordkeep (across all market segments) by plan type in each of the following asset ranges (provide response in the tab labeled "Section I, #8-11")
A27: 10 | B27: Indicate the number of new governmental plans you have added in the past 2 years (across all market segments) in each of the following participant count ranges (provide response in the tab labeled "Section I, #8-11")
A28: 11 | B28: Indicate the number of new governmental plans you have added in the past 2 years (across all market segments) in each of the following asset ranges (provide response in the tab labeled "Section I, #8-11")
A29: 12 | B29: How many defined contribution plans that you provided recordkeeping services for have you lost in the past two years? | C29: number
A30: 13 | B30: What was your firm's client retention rate over the last 5 years for defined contribution recordkept plans? | C30: number
A31: 14 | B31: What was your firm's total investment in defined contribution plan services technology for the last three years? | C31: number
A32: 15 | B32: What percentage of your client base is in the government market segment? | C32: number
A33: 16 | B33: Please provide the current credit rating of your organization from the following major rating services:
B34: Fitch | C34: text
B35: Moody's | C35: text
B36: Standard & Poor's | C36: text
B37: Weiss | C37: text
A38: 17 | B38: Does your service agreement contain a limit on liability? | C38: dropdown
A39: 18 | B39: Does your service agreement require gross negligence in order to accept liability? | C39: dropdown
A40: 19 | B40: Does your service agreement specify that your firm will maintain confidentiality of client data? | C40: dropdown
A41: 20 | B41: Does your service agreement have any penalties (other than investment fund penalties) if the client moves services from your firm within a specific amount of time? | C41: dropdown
B42: If yes, what is the minimum timeframe for a client to terminate the agreement without incurring any termination fees? | C42: dropdown
A43: 21 | B43: Will you incorporate specific service standards into your service agreement? | C43: dropdown
A44: 22 | B44: If an error, by employees or contractors of your firm, results in a participant being in a less favorable position than they would have been in had the error not occurred, will your firm make the financial contribution necessary to put the participant in the position they would have been in had the error not | C44: dropdown
A45: 23 | B45: Does your firm have a written code of conduct or a set of standards for professional behavior? | C45: dropdown
A46: 24 | B46: Within the last 5 years, has your firm been subject to any litigation related to employee plan services denoted?
B47: Business Conduct | C47: dropdown
B48: Fiduciary Issues | C48: dropdown
B49: Fee Litigation | C49: dropdown
B50: Investments (other than ER stock) | C50: dropdown
B51: Data Security | C51: dropdown
B52: Trust Services | C52: dropdown
B53: Compliance | C53: dropdown
B54: Recordkeeping | C54: dropdown
B55: Employee Education | C55: dropdown
B56: Other | C56: text
A57: 25 | B57: Attach a document that a) explains your firm's cybersecurity requirements and procedures, b) describes your physical security controls that protect your facilities, data center and personnel, c) describes your physical security for visitors and third-party support personnel, and d) describes the controls used to prevent unauthorized access to the data center | C57: attachment
A58: 26 | B58: What was your firm’s total investment in cybersecurity for the last three years? | C58: number
A59: 27 | B59: What was your firm’s total investment in participant fraud prevention for the last three years? | C59: number
A60: 28 | B60: Does your firm's most recent SOC-2 audit report include any disclaimers regarding cybersecurity? If so, briefly outline such disclaimers and the steps taken by your firm to correct such disclaimers. | C60: dropdown
A61: 29 | B61: Within the last three years, has your firm experienced any systems breaches and had data compromised? If Yes: | C61: dropdown
B62: How many incidents have taken place in the last three years? | C62: number
B63: Briefly describe the incidences. | C63: text
B64: What client remedies were offered? | C64: text
A65: 30 | B65: What are your procedures for notifying the plan sponsor of a breach of your firm's system? | C65: text
A66: 31 | B66: Do you routinely conduct periodic risk assessments to identify cybersecurity threats, vulnerabilities, and potential business consequences? | C66: dropdown
B67: If Yes, how frequently are the routine assessments performed? | C67: text
A68: 32 | B68: Does your firm conduct an annual assessment of your firm's cybersecurity policies? | C68: dropdown
B69: If Yes, is the assessment performed internally or externally by an independent third-party? | C69: dropdown
B70: Provide the name of the independent third party, if applicable. | C70: text
A71: 33 | B71: Does your firm have a Chief Information Security Officer on staff? | C71: dropdown
A72: 34 | B72: Does your firm carry cybersecurity insurance? | C72: dropdown
A73: 35 | B73: What is the full coverage amount? | C73: number
A74: 36 | B74: If your firm has screen-scraping capabilities to capture outside participant data, does your insurance coverage provide for reimbursement of employee loss if your system is breached and third party information is stolen? | C74: dropdown
A75: 37 | B75: Does your firm adhere to the SPARK Institute standards for cybersecurity? | C75: dropdown
A76: 38 | B76: Do you have a formal policy on storing personal identifiable information (PII)? | C76: dropdown
A77: 39 | B77: Where is the PII stored? | C77: text
A78: 40 | B78: How long is the PII stored? | C78: text
A79: 41 | B79: How is the PII eliminated? | C79: text
A80: 42 | B80: Are personnel trained on the protection of personal identifiable data? | C80: dropdown
A81: 43 | B81: Is this training required of all personnel or just those with access to personal identifiable information? | C81: dropdown
A82: 44 | B82: Is this training conducted on at least an annual basis? | C82: dropdown
A83: 45 | B83: Is data encrypted at rest? | C83: dropdown
B84: If so, what level of encryption is used? | C84: text
A85: 46 | B85: Does your firm use “real time” malware detection software? | C85: dropdown
A86: 47 | B86: Does your firm utilize two-factor or multifactor authentication to verify a participant's identity? | C86: dropdown
B87: If Yes, is it optional or required? | C87: dropdown
A88: 48 | B88: When a participant attempts to log onto your system, does your system check to see if the device being used is a “known” device? | C88: dropdown
A89: 49 | B89: How do you authenticate the login? | C89: dropdown
A90: 50 | B90: If the login is not authenticated, what steps do you take? | C90: text
A91: 51 | B91: When a participant attempts to log onto your system, does your system check to see if the location (eg: Africa, US, etc.) is a “known” address? | C91: dropdown
A92: 52 | B92: How do you authenticate the login? | C92: text
A93: 53 | B93: If the login is not authenticated, what steps do you take? | C93: text
A94: 54 | B94: If a participant changes personal information through your website, how do you send confirmation regarding the change? (For example, emailed to email address on file, mailed to home address, text message to number on file) | C94: dropdown
A95: 55 | B95: Please list any industry certifications/attestations you have around information security (e.g., SSAE-18, SOC-2, ISO). | C95: text
A96: 56 | B96: Will your firm provide notice of any scheduled system outages at least 3 business days prior to the outage occurring? | C96: dropdown

Sheet Section I, #8-11
A1: 1 | B1: Indicate how many governmental plans you currently recordkeep (across all market segments) for the following plan types in each of the following participant count ranges:
D2: 401(a) Government Plans | E2: 457 (b) Government Plans | F2: Total
C3: < 100 participants | F3: =SUM(D3:E3) -> 0
C4: 100 - 499 participants | F4: =SUM(D4:E4) -> 0
C5: 500 - 999 participants | F5: =SUM(D5:E5) -> 0
C6: 1,000 - 4,999 participants | F6: =SUM(D6:E6) -> 0
C7: 5,000 - 9,999 participants | F7: =SUM(D7:E7) -> 0
C8: 10,000 - 14,999 participants | F8: =SUM(D8:E8) -> 0
C9: 15,000 - 19,999 participants | F9: =SUM(D9:E9) -> 0
C10: 20,000 - 49,999 participants | F10: =SUM(D10:E10) -> 0
C11: 50,000 or more participants | F11: =SUM(D11:E11) -> 0
C12: Total | D12: =SUM(D3:D11) -> 0 | E12: =SUM(E3:E11) -> 0 | F12: =SUM(F3:F11) -> 0
A14: 2 | B14: Indicate how many governmental plans you currently recordkeep (across all market segments) by plan type in each of the following asset ranges:
D15: 401(a) Government Plans | E15: 457 (b) Government Plans | F15: Total
C16: Under 1 million | F16: =SUM(D16:E16) -> 0
C17: 1 - 5 million | F17: =SUM(D17:E17) -> 0
C18: > 5 - 25 million | F18: =SUM(D18:E18) -> 0
C19: > 25 - 100 million | F19: =SUM(D19:E19) -> 0
C20: > 100 - 500 million | F20: =SUM(D20:E20) -> 0
C21: > 500 million - 1 billion | F21: =SUM(D21:E21) -> 0
C22: > 1 billion | F22: =SUM(D22:E22) -> 0
C23: Total | D23: =SUM(D16:D22) -> 0 | E23: =SUM(E16:E22) -> 0 | F23: =SUM(F16:F22) -> 0
A25: 3 | B25: Indicate the number of new governmental plans you have added in the past 2 years (across all market segments) in each of the following participant count ranges:
D26: 401(a) Government Plans | E26: 457 (b) Government Plans | F26: Total
C27: < 100 participants | F27: =SUM(D27:E27) -> 0
C28: 100 - 499 participants | F28: =SUM(D28:E28) -> 0
C29: 500 - 999 participants | F29: =SUM(D29:E29) -> 0
C30: 1,000 - 4,999 participants | F30: =SUM(D30:E30) -> 0
C31: 5,000 - 9,999 participants | F31: =SUM(D31:E31) -> 0
C32: 10,000 - 14,999 participants | F32: =SUM(D32:E32) -> 0
C33: 15,000 - 19,999 participants | F33: =SUM(D33:E33) -> 0
C34: 20,000 - 49,999 participants | F34: =SUM(D34:E34) -> 0
C35: 50,000 or more participants | F35: =SUM(D35:E35) -> 0
C36: Total | D36: =SUM(D27:D35) -> 0 | E36: =SUM(E27:E35) -> 0 | F36: =SUM(F27:F35) -> 0
A38: 4 | B38: Indicate the number of new governmental plans you have added in the past 2 years (across all market segments) in each of the following asset ranges:
D40: 401(a) Government Plans | E40: 457 (b) Government Plans | F40: Total
C41: Under 1 million | F41: =SUM(D41:E41) -> 0
C42: 1 - 5 million | F42: =SUM(D42:E42) -> 0
C43: > 5 - 25 million | F43: =SUM(D43:E43) -> 0
C44: > 25 - 100 million | F44: =SUM(D44:E44) -> 0
C45: > 100 - 500 million | F45: =SUM(D45:E45) -> 0
C46: > 500 million - 1 billion | F46: =SUM(D46:E46) -> 0
C47: > 1 billion | F47: =SUM(D47:E47) -> 0
C48: Total | D48: =SUM(D41:D47) -> 0 | E48: =SUM(E41:E47) -> 0 | F48: =SUM(F41:F47) -> 0
A50: 5 | B50: Indicate your total assets under management
A51: 6 | B51: Indicate your total defined contribution assets under management
A52: 7 | B52: Indicate your total 401(a) plan assets under management
A53: 8 | B53: Indicate your total 457(b) plan assets under management (not top hat)

Sheet Section II
C1: Vendor: | D1: ='Section I'!D1 -> [Enter Bidding Recordkeeper Firm Name]
A3: II. | B3: Question | C3: Answer Format | D3: Vendor Response | G3: Comments
A4: II. | B4: Recordkeeping Services
A5: 1 | B5: Based on the plan documentation provided, can your firm recordkeep the plan without manual intervention or workarounds? If no: | C5: dropdown
B6: Which provisions require manual intervention or workarounds? | C6: text
B7: What are your firm’s future plans for automating the administration of the above provision(s) on your system? | C7: text
B8: What is the expected timing for implementing the automation of the above provision(s)? | C8: text
A9: 2 | B9: Do you provide an administration manual and/or individual administrative procedures? | C9: dropdown
A10: 3 | B10: Is the administration manual and/or individual administrative procedures generic for all clients or customized for each client based on their plan provisions and contracted services? | C10: dropdown
A11: 4 | B11: How frequently is the administration manual and/or individual administrative procedures reviewed and updated by the client servicing team? | C11: dropdown
A12: 5 | B12: Do you train the client on the administration manual and/or individual administrative procedures when there is a change in personnel? | C12: dropdown
A13: 6 | B13: What is your cut-off time for processing transactions? | C13: dropdown
A14: 7 | B14: How often are the Web, Voice and recordkeeping systems adjusted so that they are in sync? | C14: dropdown
A15: 8 | B15: Does the Web and Voice system alert the participant that they are about to make a transaction in a fund that may be subject to redemption fees? | C15: dropdown
B16: If so, does it show the approximate amount? | C16: dropdown
A17: 9 | B17: Will your firm communicate directly with participants who have violated excessive trading restrictions imposed by the funds in the plan? | C17: dropdown
B18: If no, can you support the client with appropriate information, such as participant level reports of excessive trading, so that the client can communicate with participants who have violated excessive trading restrictions? | C18: dropdown
A19: 10 | B19: Are confirmation notices provided to participants for account transactions such as transfers/exchanges, investment election changes, deferral rate changes and enrollment? | C19: dropdown
A20: 11 | B20: How many payroll feeds will you accept per year without any additional charge? Note, there are over 1,800 payroll feeds annually for the State of NJ. | C20: dropdown
A21: 12 | B21: Will you accept “full” payroll files (including the indicative data) for all employees (even those not eligible) each pay period? | C21: dropdown
A22: 13 | B22: Do you require that contribution and indicative data be provided in your preferred format? | C22: dropdown
A23: 14 | B23: When an error is discovered in data transmitted to you, how does your firm handle it? | C23: dropdown
A24: 15 | B24: How much time is needed from the receipt of clean payroll data to process the file and post contributions? | C24: dropdown
A25: 16 | B25: Can you accept ACH debit for funding of contributions? | C25: dropdown
A26: 17 | B26: Will you automatically send enrollment materials to newly eligible employees? | C26: dropdown
A27: 18 | B27: Do the enrollment materials include a summary of plan features (similar to a Summary Plan Description)? | C27: dropdown
A28: 19 | B28: Through which channels can employees enroll in the plan (i.e., web, voice, call center, paper form, mobile app)? | C28: text
A29: 20 | B29: Can you accommodate Roth contributions? | C29: dropdown
A30: 21 | B30: Can a participant elect regular deferrals (i.e., pre-tax and Roth but not catch-up) in percentage and/or dollar amounts? | C30: dropdown
A31: 22 | B31: Are percentage elections for any deferral type (regular or catch-up) required to be in whole percentages? | C31: dropdown
A32: 23 | B32: Are contribution rate changes allowed via:
B33: Web | C33: dropdown
B34: Voice | C34: dropdown
B35: Call center representative | C35: dropdown
B36: Paper form | C36: dropdown
B37: Mobile app | C37: dropdown
A38: 24 | B38: Will you monitor 402(g) limits on a per-pay-period basis, and notify the client if a participant exceeds the limit? | C38: dropdown
B39: If so, how do you process the contribution for the participant who exceeds the 402(g) limit? | C39: dropdown
A40: 25 | B40: Do participants need to self-certify rollovers, or will you collect and review rollover documentation and approve the rollover without plan sponsor involvement? | C40: dropdown
A41: 26 | B41: Can you accommodate Roth rollovers? | C41: dropdown
A42: 27 | B42: Can you accommodate in-plan Roth conversions? | C42: dropdown
A43: 28 | B43: Do you perform data edits for missing data, data inconsistencies and plan restrictions on the electronic data you receive? | C43: dropdown
A44: 29 | B44: How do you provide payroll information regarding the following to clients?
B45: Participant-elected deferral elections | C45: dropdown
A46: 30 | B46: How often can you send payroll information (i.e., feedback files) to the client? | C46: dropdown
A47: 31 | B47: Can transfers/exchanges be processed in the following manner: | C47: dropdown
A48: 32 | B48: Do you offer automatic rebalancing based on current elections? | C48: dropdown
A49: 33 | B49: What is the standard turnaround time (in business days) for mailing the following withdrawal/distribution checks?
B50: In-service withdrawal checks | C50: dropdown
B51: Termination distribution checks | C51: dropdown
A52: 34 | B52: Do participants need to self-certify unforeseen emergency withdrawals, or will you collect, review and maintain the needed documentation and approve the withdrawals without client involvement? | C52: dropdown
A53: 35 | B53: Which of the following will your firm handle without requiring client review/approval? Indicate all that apply.
B54: Age 59½ withdrawal | C54: dropdown
B55: Other in-service withdrawals (non-unforeseen emergency) | C55: dropdown
B56: Termination distributions | C56: dropdown
B57: Distributions due to disability | C57: dropdown
B58: Distributions due to death | C58: dropdown
A59: 36 | B59: Can withdrawal/distribution proceeds be directly deposited into a participant's bank account (assuming the participant provides you with his/her banking information)? | C59: dropdown
A60: 37 | B60: Can you accommodate ongoing installment payments for terminated participants? | C60: dropdown
A61: 38 | B61: Can you accommodate partial account distributions for terminated participants? | C61: dropdown
A62: 39 | B62: Can you proactively monitor terminated employees with vested balances of $1,000 or less and process mandatory cash-out distributions? | C62: dropdown
A63: 40 | B63: How often does your firm process mandatory cash-outs? | C63: dropdown
A64: 41 | B64: Can your system exclude rollover amounts when determining vested balances for mandatory cash-outs/rollovers? | C64: dropdown
A65: 42 | B65: For direct rollover distributions, which options are available for payment:
B66: Check mailed directly to rollover institution | C66: dropdown
B67: Check mailed to participant | C67: dropdown
B68: Electronic transfer of funds to rollover institution | C68: dropdown
A69: 43 | B69: Will you automatically send a distribution kit to participants upon receipt of termination date? | C69: dropdown
A70: 44 | B70: Are distribution elections for terminated participants allowed via:
B71: Web | C71: dropdown
B72: Voice | C72: dropdown
B73: Call center representatives | C73: dropdown
B74: Paper form | C74: dropdown
B75: Mobile App | C75: dropdown
A76: 45 | B76: Can you identify participants who are subject to a minimum required distribution and calculate the required amount? | C76: dropdown
A77: 46 | B77: Will you notify participants who are required to take a minimum distribution (in advance of the distribution deadline) without client involvement? | C77: dropdown
A78: 47 | B78: Will you process the required minimum distributions prior to the deadline for participants who have not actively requested it? | C78: dropdown
A79: 48 | B79: Does your system have the ability to apply in-service withdrawals processed earlier in the year to required minimum distribution calculations? | C79: dropdown
A80: 49 | B80: Can terminated participants contact your firm directly and request a change to their address information? | C80: dropdown
A81: 50 | B81: Can automatic increase be made available to participants on a voluntary, opt-in basis, regardless of whether auto increase is tied to a plan-level automatic enrollment provision? | C81: dropdown
A82: 51 | B82: If automatic increase is available to participants on a voluntary, opt-in basis, how is the timing of the increase determined? | C82: dropdown
A83: 52 | B83: Will you collect and maintain beneficiary information for plan participants? | C83: dropdown
A84: 53 | B84: Are beneficiary designations allowed via:
B85: Web | C85: dropdown
B86: Voice | C86: dropdown
B87: Call center representatives | C87: dropdown
B88: Paper form | C88: dropdown
B89: Mobile App | C89: dropdown
A90: 54 | B90: When you are notified by a beneficiary of the death of a terminated participant, will you work directly with the beneficiary to collect the death certificate and set up a beneficiary account in accordance with the designation on file, without client involvement? | C90: dropdown
A91: 55 | B91: Do you or a third party partner provide qualification services for DROs? | C91: dropdown
A92: 56 | B92: Do you or your third party partner provide written QDRO procedures as part of your QDRO services? | C92: dropdown
A93: 57 | B93: Do you or your third party partner handle all the communications with the participant and alternate payee as part of your QDRO services? | C93: dropdown
A94: 58 | B94: How many redundant recordkeeping sites do you maintain? | C94: dropdown
A95: 59 | B95: Are your redundant sites sufficiently geographically dispersed in order to minimize the possibility of multiple sites being impacted by the same disaster? | C95: dropdown
A96: 60 | B96: How many redundant call center sites do you maintain? | C96: dropdown
A97: 61 | B97: Where are your call centers located? (list city, state and country for each) | C97: text
A98: 62 | B98: How often do you test your disaster recovery procedures? | C98: dropdown
A99: 63 | B99: In the event of a disaster, how long will it take for your hot site to be fully functional? | C99: dropdown
A100: 64 | B100: How often do you do full backups of your files? | C100: dropdown
A101: 65 | B101: Are the backups catalogued and stored offsite? | C101: dropdown
...

Sheet Section III
C1: Vendor: | D1: ='Section I'!D1 -> [Enter Bidding Recordkeeper Firm Name]
B3: Question | C3: Answer Format | D3: Vendor Response | G3: Comments
A4: III. | B4: Participant Experience
A5: 1 | B5: What are the hours a call center representative is available? (ET)
B6: Monday - Friday | C6: text
B7: Saturday | C7: text
B8: Sunday | C8: text
A9: 2 | B9: What is the average wait time before a call is answered? | C9: dropdown
A10: 3 | B10: What is the percentage of issues resolved on the first call to a call center representative? | C10: dropdown
A11: 4 | B11: If an issue requires further research, what is the maximum timeframe to contact the participant with a status update? | C11: dropdown
A12: 5 | B12: What is the average time to resolve an issue that is not resolved on the first call? | C12: dropdown
A13: 6 | B13: Are all participant calls recorded? | C13: dropdown
A14: 7 | B14: How long are participant call recordings retained? | C14: dropdown
A15: 8 | B15: If a client requests a recording of a call, how long does it typically take to provide to the client? | C15: dropdown
A16: 9 | B16: Can your firm provide reporting on topics being discussed with participants? | C16: dropdown
A17: 10 | B17: Are call center representatives assigned specifically to certain clients, or do they take calls for any client? | C17: dropdown
A18: 11 | B18: Does your call center employ a skills based routing system whereby participant calls are directed to an appropriate representative based on (for example) the complexity of the issue/request, the participant's particular age/life stage, etc.? | C18: dropdown
A19: 12 | B19: Does your firm's call center offer Spanish-speaking representatives? | C19: dropdown
A20: 13 | B20: Is access to languages other than English or Spanish provided through Language Line or some other means? | C20: dropdown
A21: 14 | B21: Can participants communicate with call center representatives via secure e-mail? | C21: dropdown
B22: If yes, do you retain a history of these emails? | C22: dropdown
B23: How long are participant emails retained? | C23: dropdown
B24: Provide the statistical turnaround times for the past six (6) months | C24: Text
A25: 15 | B25: Can participants communicate with call center representatives via live chat? | C25: dropdown
B26: If yes, do you retain a history of these chat communications? | C26: dropdown
A27: 16 | B27: How long are participant chat communications retained? | C27: dropdown
A28: 17 | B28: What kind of licenses/credentials do you require for call center representatives?
B29: NASD Series 6 | C29: dropdown
B30: NASD Series 7 | C30: dropdown
B31: NASD Series 63 | C31: dropdown
B32: NASD Series 65 | C32: dropdown
B33: ASPPA - QKA | C33: dropdown
B34: ASPPA - QPA | C34: dropdown
B35: ASPPA - CPC | C35: dropdown
B36: Other: | C36: dropdown
A37: 18 | B37: Provide the information needed to access a demo of your participant website.
B38: Web address | C38: text
B39: User ID | C39: text
B40: Password/PIN | C40: text
B41: Password/PIN expiration date | C41: text
B42: Other information needed: | C42: text
A43: 19 | B43: Provide your current website availability percentage over the prior 12 months. | C43: dropdown
A44: 20 | B44: What options exist for customizing / branding the website for the client? | C44: dropdown
A45: 21 | B45: Can custom client messages or announcements be posted on the website? | C45: dropdown
B46: If so, can messaging be targeted (for example, by location, age, etc.)? | C46: dropdown
A47: 22 | B47: Can a Spanish language version of the website be made available? | C47: dropdown
A48: 23 | B48: Can a link be posted on the client's intranet which takes participants directly to your website without requiring the participant to log in again? | C48: dropdown
A49: 24 | B49: If a participant has multiple accounts with your firm (e.g., prior employer accounts, IRA, etc.), are all accounts accessible via a single sign-in? | C49: dropdown
A50: 25 | B50: If the client has multiple defined contribution plans being recordkept by your firm, can you provide consolidated statements? | C50: dropdown
A51: 26 | B51: Can account data be imported directly into personal finance applications or websites (e.g., Quicken or Mint.com)? | C51: dropdown
A52: 27 | B52: How many years of history can be displayed on the website? | C52: dropdown
A53: 28 | B53: Is the following inquiry functionality available on the website?
B54: Balance by fund | C54: dropdown
B55: Current outstanding loan balance | C55: dropdown
B56: Current deferral rate(s) | C56: dropdown
B57: Current investment elections | C57: dropdown
B58: Current beneficiary elections | C58: dropdown
B59: Personal rate of return | C59: dropdown
B60: Investment performance history | C60: dropdown
B61: Pending transactions | C61: dropdown
B62: Loan modeling | C62: dropdown
B63: Loan payoff amount / instructions | C63: dropdown
B64: Prior quarterly statements | C64: dropdown
B65: Fund prospectuses | C65: dropdown
... B69: On-site representative contact instructions | C69: dropdown
A70: 29 | B70: Is the following transaction functionality available on the website?
B71: Create and change user ID | C71: dropdown
B72: Change PIN / password | C72: dropdown
B73: Enrollment | C73: dropdown
B74: Change deferral rate(s) | C74: dropdown
B75: Change investment elections | C75: dropdown
B76: Rebalance account | C76: dropdown
B77: Enroll in automatic rebalancing | C77: dropdown
B78: Transfers / exchanges | C78: dropdown
B79: Enroll in automatic increase | C79: dropdown
B80: Elect or change beneficiary | C80: dropdown
B81: Request in-service withdrawal | C81: dropdown
B82: Request final distribution | C82: dropdown
... B85: Request statement on demand, for prior quarterly statements | C85: dropdown
A86: 30 | B86: Do you offer an online retirement income projection or "gap analysis" tool? | C86: dropdown
A87: 31 | B87: If yes, does your online retirement income projection tool:
B88: Project Social Security benefits | C88: dropdown
B89: Offer default assumptions with the flexibility for the participant to change assumptions | C89: dropdown
B90: Allow participants to manually enter other retirement income sources such as spousal benefits, IRAs or other personal savings, etc. | C90: dropdown
B91: Incorporate automatic data collection and aggregation from other financial institutions (if the participant provides the necessary account login information) | C91: dropdown
B92: Provide suggestions to participants for improving results (by increasing their deferral rate or investing more aggressively, for example) | C92: dropdown
A93: 32 | B93: Do you provide lifetime income projections:
B94: On the website | C94: dropdown
B95: On the participant statement | C95: dropdown
A96: 33 | B96: Do you provide a separate periodic statement to participants with projected lifetime income information? | C96: dropdown
A97: 34 | B97: Do you provide a separate periodic statement to participants with projected "gap analysis" information? | C97: dropdown
A98: 35 | B98: Do you provide a modeling tool on the website to help participants project retirement spending needs? | C98: dropdown
A99: 36 | B99: Do you provide a cash flow modeling tool to help participants compare various withdrawal strategies? | C99: dropdown
A100: 37 | B100: Can a notification be displayed on the website for employees who do not have a beneficiary election? | C100: dropdown
A101: 38 | B101: Are pre-recorded generic financial education webinars available to participants on the website? | C101: dropdown
A102: 39 | B102: If yes, are any of your pre-recorded educational webinars available in Spanish? | C102: dropdown
A103: 40 | B103: Can your firm create and record customized, client-specific webinars for plan participants? | C103: dropdown
A104: 41 | B104: Can your firm conduct live customized, client-specific webinars for plan participants? | C104: dropdown
A105: 42 | B105: Can your firm conduct on-site group education meetings for employees? | C105: dropdown
A106: 43 | B106: Can your firm conduct on-site group education meetings for employees in Spanish? | C106: dropdown
...

Sheet Section IV
C1: Vendor: | D1: ='Section I'!D1 -> [Enter Bidding Recordkeeper Firm Name]
B3: Question | C3: Answer Format | D3: Vendor Response | G3: Comments
A4: IV. | B4: Plan Sponsor Experience
A5: 1 | B5: What are the minimum education requirements required for plan administrators before working on client plans? | C5: dropdown
A6: 2 | B6: What are the minimum education requirements required for relationship managers before working on client plans? | C6: dropdown
A7: 3 | B7: What are the minimum years of industry experience required for plan administrators before working on client plans? | C7: dropdown
A8: 4 | B8: What are the minimum years of industry experience required for relationship managers before working on client plans? | C8: dropdown
A9: 5 | B9: What kind of licenses/credentials do you require for the Plan Administrator?
B10: ASPPA - QKA | C10: dropdown
B11: ASPPA - QPA | C11: dropdown
B12: ASPPA - CPC | C12: dropdown
B13: None | C13: dropdown
B14: Other (specify in Comments) | C14: dropdown
A15: 6 | B15: What kind of licenses/credentials do you require for the Relationship Manager?
B16: ASPPA - QKA | C16: dropdown
B17: ASPPA - QPA | C17: dropdown
B18: ASPPA - CPC | C18: dropdown
B19: None | C19: dropdown
B20: Other (specify in Comments) | C20: dropdown
A21: 7 | B21: What is the average number of clients serviced by the following team members for this market segment?
B22: Plan Administrator | C22: dropdown
B23: Relationship Manager | C23: dropdown
A24: 8 | B24: What is the average internal tenure for your employees in the following roles?
B25: Plan Administrator | C25: dropdown
B26: Relationship Manager | C26: dropdown
A27: 9 | B27: What is the average external tenure for your employees in the following roles?
B28: Plan Administrator | C28: dropdown
B29: Relationship Manager | C29: dropdown
A30: 10 | B30: In what ways do you monitor client satisfaction? Indicate all that apply:
B31: Self-driven client satisfaction survey (specify frequency in Comments) | C31: dropdown
B32: External independent third party surveys (specify frequency and name of firm in Comments) | C32: dropdown
B33: Measurable service guarantees | C33: dropdown
B34: Other (specify in Comments) | C34: dropdown
B35: Do not monitor | C35: dropdown
A36: 11 | B36: If a team member's compensation is based on client satisfaction, indicate which team members are subject to this measurement.
B37: Plan Administrator | C37: dropdown
B38: Relationship Manager | C38: dropdown
B39: Communication Specialist | C39: dropdown
B40: Conversion Specialist | C40: dropdown
B41: On-site representative | C41: dropdown
A42: 12 | B42: Does your firm maintain a client advisory board to discuss system/service enhancements? | C42: dropdown
A43: 13 | B43: If your firm has a client advisory board in place, how often does the board meet each year? | C43: dropdown
A44: 14 | B44: How frequently are team members willing to meet in person with the client to review plan statistics, demographics, communications, etc.? | C44: dropdown
A45: 15 | B45: If there are service standards in place (regardless of whether or not they are part of your service agreement), how frequently will the team members measure and report results back to the client? | C45: dropdown
A46: 16 | B46: Is it your normal practice to assign a communication specialist to the client / plan? | C46: dropdown
A47: 17 | B47: Can you develop a custom communication campaign that reflects the client's culture, branding and messaging (not just their logo)? | C47: dropdown
A48: 18 | B48: How do you measure the success of each communication campaign completed each year? | C48: dropdown
A49: 19 | B49: Can you provide retirement related articles for clients to use in the client's in-house newsletters? | C49: dropdown
A50: 20 | B50: Provide the information needed to access a demo of your plan sponsor website.
B51: Web address | C51: text
B52: User ID | C52: text
B53: Password/PIN | C53: text
B54: Password/PIN expiration date | C54: text
B55: Other information needed | C55: text
A56: 21 | B56: What plan-level information is available on the plan sponsor website?
B57: Balance by fund | C57: dropdown
B58: Investment performance history | C58: dropdown
B59: Fund prospectuses | C59: dropdown
B60: Fund fact sheets | C60: dropdown
B61: Plan document | C61: dropdown
B62: Plan highlights / summary of plan provisions | C62: dropdown
B63: Loan policy | C63: dropdown
B64: Plan administration manual | C64: dropdown
B65: QDRO procedures | C65: dropdown
B66: Plan service reviews | C66: dropdown
B67: Service agreement | C67: dropdown
B68: Participant communications | C68: dropdown
A69: 22 | B69: What other features are available on the plan sponsor website?
B70: Team calendar | C70: dropdown
B71: Regulatory calendar | C71: dropdown
B72: Administrative scorecard / Service Level Agreement results | C72: dropdown
B73: Secure exchange of documents and files | C73: dropdown
B74: Transaction approval for loans / withdrawals | C74: dropdown
B75: Transact business on participant's behalf | C75: dropdown
B76: Participant indicative data changes | C76: dropdown
B77: Create custom messages to appear on the participant website | C77: dropdown
B78: Research, surveys and other thought leadership from your firm | C78: dropdown
A79: 23 | B79: Is the client required to use the participant's Social Security Number when reviewing a participant's account? | C79: dropdown
A80: 24 | B80: Is the client able to access detailed participant-level information via the plan sponsor website? | C80: dropdown
A81: 25 | B81: How many years of participant-level history can be accessed through the plan sponsor website? | C81: dropdown
A82: 26 | B82: Are different levels of access to the plan sponsor website available based on a client contact's role (for example, an HR contact could access participant level data but a Finance contact could only access plan level data)? | C82: dropdown
A83: 27 | B83: Can access to the plan sponsor website be based on organizational structure (for example, a contact for ABC division would only be able to see data for ABC division)? | C83: dropdown
A84: 28 | B84: Does your firm offer a library of standard reports available on the plan sponsor website? | C84: dropdown
A85: 29 | B85: Does the client have the ability to create custom ad-hoc reports on the plan sponsor website? | C85: dropdown
A86: 30 | B86: How quickly are custom ad-hoc reports typically available after request through the plan sponsor website? | C86: dropdown
A87: 31 | B87: Can reports generated off of the plan sponsor website be run based on location or division (assuming the client is providing the appropriate location or division codes)? | C87: dropdown
A88: 32 | B88: Is the client able to save an ad-hoc report they developed through the plan sponsor website as a template for future use? | C88: dropdown
A89: 33 | B89: Can the client schedule the templates created (based on the question above) to be run at a future date? | C89: dropdown
A90: 34 | B90: Can reports generated off of the plan sponsor website be downloaded to Excel? | C90: dropdown
... A105: 49 | B105: Will your firm assist the State in identifying and correcting any operational failures, including providing suggested steps to resolve failures and calculation of corrective contributions and lost earnings in a manner consistent with methods supported under the IRS Employee Plans Compliance Resolution System correction and other IRS regulations and guidance? (Yes/No) If No, please explain. | C105: dropdown

Sheet Section IV - Client Team
B1: Vendor: | C1: ='Section I'!D1 -> [Enter Bidding Recordkeeper Firm Name]
B3: Question | C3: Vendor Response
A4: VI. | B4: Client Team
A5: 1 | B5: Do you currently have staff located in the State of New Jersey that would provide services to the State under this contract? ? If so identify the numbers of employees by their functional roles:
B6: Role | C6: Number of Employees
B7: Plan Administrator
B8: Relationship Manager
B9: Communication Specialist
B10: Conversion Specialist
B11: On-site/Education Representatives
B12: Other
A13: 2 | B13: Do you currently have an office located in the State of New Jersey? If yes, list the locations. If no, where is the closest office located?
A14: 3 | B14: If account team members or services are provided from multiple locations, explain how the team/service will be coordinated and managed.
A15: 4 | B15: How do you ensure that account continuity and knowledge are maintained on the account from initial planning through implementation and ongoing servicing throughout the term of the contract?
A16: 5 | B16: Other than the State, how many accounts would the State’s Field Service Representatives be responsible for?
A17: 6 | B17: If not geographical, how would participants be assigned to each Field Service Representative?
A18: 7 | B18: Would you need to hire any additional staff in order to service the State’s account? (Yes/No). If yes, please describe.
A19: 8 | B19: Would any representatives assigned to the State’s Plan not be employees of your firm? Please describe.
A20: 9 | B20: Please describe your process for hiring the appropriate number of field service representatives to service this relationship.
A21: 10 | B21: How will these discussions be handled (e.g., in person, via telephone)?
A22: 11 | B22: Describe your process to ensure that field service representatives will be available and prepared to accommodate the transition and implementation plan.
A23: 12 | B23: It is a requirement that your field service representatives who provide enrollment and education services are not compensated on a commissioned or incentive basis to promote any investment product or services. Fully describe the field service representative’s and On- site Representative’s compensation structure and any incentive award methods that you employ to maintain an objective and unbiased distribution of products and service to the plan participants.
A24: 13 | B24: Describe the organizational structure of the field service representatives who will service this relationship, including the following:
B25: Location
B26: Staffing (including functions to be performed)
B27: Hours of operation
B28: Handling pre-scheduled consultations
B29: Handling walk-ins
B30: Activities supported by field service representatives (education, enrollments, inquiries, retirement, and participant advisory services)

Sheet Section V
C1: Vendor: | D1: ='Section I'!D1 -> [Enter Bidding Recordkeeper Firm Name]
B3: Question | C3: Answer Format | D3: Vendor Response | G3: Comments
A4: V. | B4: Investment Products
A5: 1 | B5: Are you willing to add additional funds or class shares to your platform if they are not currently traded? | C5: dropdown
A6: 2 | B6: If yes, what is the lead time required to add an additional fund or share class to your platform? | C6: dropdown
A7: 3 | B7: List the fund managers or fund products that your firm will not recordkeep (if applicable). (if needed, an attachment may be provided) | C7: text
A8: 4 | B8: Can you accommodate commingled or common trust options (including unitization)? | C8: dropdown
A9: 5 | B9: If yes, will you create fund fact sheets for plan participants regarding commingled or common trust options? | C9: dropdown
A10: 6 | B10: Can you accommodate separate accounts (including unitization)? | C10: dropdown
A11: 7 | B11: If yes, will you create fund fact sheets for plan participants regarding separate accounts? | C11: dropdown
A12: 8 | B12: Can you accommodate "white label" funds consisting of multiple underlying investments (including unitization)? | C12: dropdown
A13: 9 | B13: If yes, will you create fund fact sheets for plan participants regarding "white label" funds? | C13: dropdown
A14: 10 | B14: Can you support an offering of customized lifecycle portfolios that invest in the plan's underlying core funds? | C14: dropdown
B15: According to level of risk? | C15: dropdown
B16: According to target date for retirement? | C16: dropdown
B17: According to a combination of risk level and target date for retirement? | C17: dropdown
A18: 11 | B18: If yes, will you create fund fact sheets for plan participants regarding custom lifecycle portfolios? | C18: dropdown
A19: 12 | B19: Do you require that custom lifecycle portfolios be unitized or can they be offered in the model construct? | C19: dropdown
A20: 13 | B20: Can you support plan-level automatic rebalancing according to a lifecycle portfolio model? | C20: dropdown
A21: 14 | B21: Can you calculate and report returns on model portfolios to participants if they are not unitized? | C21: dropdown
A22: 15 | B22: Do you offer a self-directed brokerage account option? | C22: dropdown
A23: 16 | B23: Can restrictions be placed on the types of securities that will be offered for the self-directed brokerage option? | C23: dropdown
A24: 17 | B24: Can trading be restricted to mutual funds only for the self-directed brokerage option? | C24: dropdown
A25: 18 | B25: Are there limits on the amount of money that can be directed to the self-directed brokerage option? | C25: dropdown
B26: If yes, who sets the limit for the self-directed brokerage option? | C26: dropdown
B27: If no, can the client set a limit for the for the self-directed brokerage option? | C27: dropdown
B28: If no, for participants that allocate 100% of their account balance to the brokerage window, will your firm automatically sell holdings in the self-directed brokerage option to satisfy the payment of administrative fees, loans requested, etc.? | C28: dropdown
A29: 19 | B29: Is additional education given to participants using the self-directed brokerage option? | C29: dropdown
A30: 20 | B30: Can the participant use their own broker for the self-directed brokerage option? | C30: dropdown
A31: 21 | B31: Who is your trading partner for the self-directed brokerage option? | C31: text
A32: 22 | B32: Do you offer a cash flow modeling tool, to help participants compare various withdrawal strategies? | C32: dropdown
A33: 23 | B33: Can your investment platform accommodate managed payout fund options? | C33: dropdown
A34: 24 | B34: Can you facilitate the purchase of annuities outside the plan as options for plan distributions at retirement (for example, through an annuity purchase window)? | C34: dropdown
A35: 25 | B35: Do you provide any of the following in-plan insurance-based retirement income products?
B36: Fixed income annuities | C36: dropdown
B37: Variable income annuities | C37: dropdown
B38: Variable income annuities with a guaranteed minimum withdrawal benefit | C38: dropdown
B39: Qualified longevity annuities | C39: dropdown
A40: 26 | B40: If you provide any in-plan insurance-based retirement income products:
B41: If the participant terminates employment, is their annuity benefit portable? | C41: dropdown
B42: Are the plan's annuity investments portable if the client changes recordkeepers? | C42: dropdown
B43: Do you partner with third-party middleware providers (DST, Sungard) to report retirement income fund balances for individuals who have terminated or plans that have left your platform? | C43: dropdown
A44: 27 | B44: If yes, provide the credit rating for the insurance company offering the annuity from the following major rating services:
B45: Fitch | C45: text
B46: Moody's | C46: text
B47: Standard & Poor's | C47: text
B48: Weiss | C48: text
A49: 28 | B49: If you don't currently offer an in-plan retirement income product, do you have any plans to implement one? | C49: dropdown

Sheet Section VI
C1: Vendor: | D1: ='Section I'!D1 -> [Enter Bidding Recordkeeper Firm Name]
B3: Question | C3: Answer Format | D3: Vendor Response | G3: Comments
A4: VI. | B4: Fee Flexibility and Transparency
A5: 1 | B5: How frequently will team members review fees with the client? | C5: dropdown
A6: 2 | B6: Under a gross pricing arrangement, can your fees be paid from plan assets in the following manner?
B7: Dollar per participant | C7: dropdown
B8: Basis points | C8: dropdown
B9: Combination asset based + dollars | C9: dropdown
A10: 3 | B10: Under a gross pricing arrangement where your fees are paid from plan assets on a per capita (dollar per participant) basis, can exceptions be made for the following participants?
B11: Participants with balances below a certain threshold (as defined by the client) | C11: dropdown
B12: Participants with less than a certain amount of service (as defined by the client) | C12: dropdown
B13: Participants with different status codes (active versus terminated) | C13: dropdown
B14: Unique participant / SSN across multiple plans (457(b) only) | C14: dropdown
B15: If you answered other for any of the above, please explain: | C15: text
A16: 4 | B16: Under a gross pricing arrangement where your fees are paid from plan assets, is the transaction clearly reflected in the participants' accounts as a separate line item and labeled as a fee? | C16: dropdown
A17: 5 | B17: Under a gross pricing, dollar per participant pricing methodology how is the number of participants defined? | C17: dropdown
A18: 6 | B18: Define the timing of fee deductions from participant accounts. If other, please explain. | C18: dropdown
A19: 7 | B19: Will you set up an expense budget account for the plan? | C19: dropdown
A20: 8 | B20: If an expense budget account is available, is it part of the plan assets or is it a bookkeeping arrangement outside of the plan? | C20: dropdown
A21: 9 | B21: If an expense budget account is set up, how frequently do you provide a reconciliation report to the client? | C21: dropdown
A22: 10 | B22: If an expense budget account is set up, how is the money invested? Indicate all that apply.
B23: Plan’s investments – the way in which the money was deducted | C23: dropdown
B24: Plan’s investments – as directed by the plan sponsor’s investment elections | C24: dropdown
B25: Plan’s QDIA | C25: dropdown
B26: Investment(s) not offered under the Plan’s investment menu | C26: dropdown
B27: Proprietary fund fixed product (e.g. money market, stable value) | C27: dropdown
B28: Fixed product (e.g. money market, stable value) | C28: dropdown
B29: Other (specify in Comments) | C29: dropdown
A30: 11 | B30: How can the assets in the expense budget account be used?
B31: Pay eligible plan expenses | C31: dropdown
B32: Allocate to participants | C32: dropdown
B33: Offset gross fees and then allocate any excess to participants | C33: dropdown
A34: 12 | B34: If an expense budget account is only available as a bookkeeping arrangement outside of the plan, what happens to any money remaining in the account at year end? | C34: dropdown
A35: 13 | B35: When assets from the expense budget account are allocated to participants, how is the transaction reflected in the participant accounts? | C35: dropdown
A36: 14 | B36: When revenue sharing is rebated to a participant (at a fund level, as required under the minimum qualifications), how is the transaction reflected in the participant accounts? | C36: dropdown
A37: 15 | B37: Is your system capable of charging third party (e.g., consultant) fees back to participant accounts as a:
B38: Per capita flat dollar amount | C38: dropdown
B39: Pro rata amount based on account balance | C39: dropdown
B40: Ongoing expense charge via an additional pro rata or per capita charge | C40: dropdown
A41: 16 | B41: For third party fees paid from participant accounts, is the transaction clearly reflected in the participant accounts as a separate line item and labeled as a fee? | C41: dropdown
A42: 17 | B42: In general, how often are fees reviewed to determine if fee changes are required? If other, please explain. | C42: dropdown
A43: 18 | B43: Do you ever put your fees at risk if service standards are not met? | C43: dropdown
A44: 19 | B44: What is the maximum amount of your total annual fees you are willing to put at risk?
B45: % of fees: | C45: percent
B46: Flat amount: | C46: number
A47: 20 | B47: Will you proactively provide reporting of your performance against the service standards? | C47: dropdown
A48: 21 | B48: If you are not willing to put your fees at risk but service standards are not met, will you provide additional services instead (such as participant meetings, communication materials, consulting services, etc.)? | C48: dropdown
A49: 22 | B49: If your firm retains "float" income as additional earnings, will you disclose these earnings to the client? | C49: dropdown
A50: 23 | B50: Will your firm agree to return "float" income to the client/plan? | C50: dropdown
B51: If yes, how often will your firm agree to return "float" income to the client/plan? | C51: dropdown
A52: 24 | B52: Does your firm (including any affiliate of your firm) ever receive revenue sharing on the mutual fund assets held in the plan's self-directed brokerage accounts? | C52: dropdown
B53: If so, will you report the amount of revenue sharing received to the client? | C53: dropdown
B54: Can the revenue sharing received be used to offset your firm's recordkeeping fees? | C54: dropdown

Sheet Section VII - Custom Questions
C1: Vendor: | D1: ='Section I'!D1 -> [Enter Bidding Recordkeeper Firm Name]
B3: Question | C3: Answer Format | D3: Vendor Response
B4: Questions Customized for the State of New Jersey
B5: Organization and Market Focus
A6: 1 | B6: Describe the hardware platform and software system you would use to record keep and administer the Plan for the State. | C6: text
A7: 2 | B7: Was the software developed internally, leased, or purchased from another provider? Who has the ultimate responsibility/authority to make sure the software remains current with respect to laws, regulations, and client needs? | C7: text
A8: 3 | B8: How long have you used these systems for deferred compensation recordkeeping? How often is the system upgraded? | C8: text
A9: 4 | B9: Are you planning any major change in the software or hardware supporting your recordkeeping system in the next 24 months? | C9: dropdown
B10: If yes, please describe. | C10: text
A11: 5 | B11: What is your plan for keeping your organization on the cutting edge of employee communication and education? | C11: text
A12: 6 | B12: At any time, has the company been assessed a fine by federal or state regulators or agreed to pay a settlement(s) regarding market-timing and/or after-hours trading? | C12: dropdown
B13: If yes, please provide the fine or settlement amount(s). | C13: text
A14: 7 | B14: If your company has been fined by federal or state regulators, what steps or measures were taken to correct the violations and to ensure that market-timing and/or after-hours trading does not occur in the future? | C14: text
A15: 8 | B15: Has the company conducted an internal review to determine if excessive market timing and/or after-hours trading have occurred in the funds? | C15: dropdown
B16: If yes, what was the outcome of the internal review? If not, why? | C16: text
B17: Recordkeeping Services
A18: 9 | B18: Can you accept manual edits, adjustments, and indicative participant data changes to the contribution input file (i.e., the payroll/deferral file from the State) | C18: dropdown
A19: 10 | B19: Does your system handles Federal and, if applicable, State tax reporting. Confirm your ability to prepare 1099R Tax Forms and issue tax statements to participants who receive distributions, including forms and tax statements for distributions and related filings. | C19: dropdown
A20: 11 | B20: Would your firm maintain separate accounting of 457(b) plan deferrals, (and rollovers from other 457(b) plans,) and rollovers from non-457(b) plans? | C20: dropdown
A21: 12 | B21: What assistance would you typically provide to the Plan’s auditors, both internal and external? | C21: text
A22: 13 | B22: What capability do you have to provide participant information to agents of the State, such as actuaries, auditors, and attorneys? What kind of turnaround time can be anticipated? | C22: text
A23: 14 | B23: How will you ensure that the Plan remains in compliance with all applicable federal and state statutes and regulations? | C23: text
A24: 15 | B24: How do you ensure that your recordkeeping system is in compliance with all applicable federal and state statutes, rules and regulations, the State plan document, and the contract? | C24: text
A25: 16 | B25: How quickly are changes in the law reflected in the recordkeeping system and procedures? | C25: text
A26: 17 | B26: What are your customization capabilities for participant statements? | C26: dropdown
A27: 18 | B27: Are your recordkeeping and trust systems fully integrated, including the ability to electronically feed data between the two? | C27: dropdown
A28: 19 | B28: How do you ensure that the plan website is kept up-to-date, including online administrative forms, investment and performance data, and plan information? | C28: text
A29: 20 | B29: In the situation whereby a participant calls the VRS but does not properly complete the transaction, how do you retain a record that a call was placed but the transaction was not properly executed? How is notice of the incomplete transaction given to the participant? | C29: text
A30: 21 | B30: Describe how the VRS, Internet, and Customer Service Center’s workstation are linked to the central recordkeeping system. How often is the data uploaded and refreshed? | C30: text
B31: Participant Experience
A32: 22 | B32: Describe the training program and licensing requirements for the onsite field service representatives and 1-800 customer service representatives who will be providing services to the State. Focus on call center and field representative skills, use of call center equipment, benefit training, HR training, customer service, problem resolution, and other customer service and field representative training areas. | C32: text
A33: 23 | B33: At what point in the call can a participant elect to move from the VRS to an operator? Are there directions provided for bypassing the VRS to transfer directly to an operator? | C33: text
A34: 24 | B34: Provide a link to demonstrate your web-based retirement planning calculators. | C34: text
A35: 25 | B35: Provide a link to demonstrate your web-based educational materials. | C35: text
A36: 26 | B36: How would you determine the number of CSR’s to use for/dedicate to the State’s plan? How many other clients would those CSR’s serve? | C36: text
A37: 27 | B37: Describe any services or programs you provide for participants terminating employment with the State. | C37: text
A38: 28 | B38: Describe your process to assist participants who elect to transfer their 457(b) account assets to purchase service credits. | C38: text
A39: 29 | B39: Describe your proposed strategy for coordinating and integrating plan education and communication activities and materials with those of the PERS (defined benefit) retirement system. | C39: text
A40: 30 | B40: Based upon the stated plan demographics (active/eligible participants, total plan assets, work-site locations, etc.), please confirm you are including 10 dedicated full-time field service representatives in your fee quote with unlimited group meeting days per year. | C40: dropdown
B41: Plan Sponsor Experience
A42: 31 | B42: What is your turn-around time following quarter end for providing quarterly investment asset reports to be used to conduct investment performance analyses? | C42: dropdown
A43: 32 | B43: Can you include other printed information, prepared by the State, with the mailing of statements to participants | C43: dropdown
A44: 33 | B44: Will your firm provide a fee disclosure (similar to ERISA plan participant fee disclosures) to plan participants, allowing edits from the State? | C44: dropdown
A45: 34 | B45: When was the date of your last client/participant satisfaction survey? Describe the results. | C45: text
A46: 35 | B46: Describe your assumptions regarding the State’s role in the communication, education, and enrollment process. | C46: text
A47: 36 | B47: If your organization is currently providing defined contribution services to the NJ Alternate Benefit Program or Additional Contributions Tax-Sheltered Program under contract 12-X- 22064, will any of those staff members that are currently allocated toward that contract be assigned to service this new contract? | C47: dropdown
B48: Investment Products
A49: 37 | B49: Describe the rules for transferring from the core options into the brokerage accounts and vice- versa. Are there any restrictions with respect to the transfer of balances between your core defined contribution investment alliance funds and the self-directed brokerage account? | C49: text
A50: 38 | B50: How are self-directed brokerage account balances treated for purposes of the following: | C50: text
B51: Regular benefit or unforeseeable emergency distributions | C51: text
B52: IRC required and minimum distributions | C52: text
B53: Domestic relations orders | C53: text
B54: Death benefit claims | C54: text
B55: Federal tax levies | C55: text
A56: 39 | B56: During what hours of the day are client service brokerage representatives available to respond to participant trading questions and inquiries? | C56: text
A57: 40 | B57: Do participants receive a detailed account summary of all assets held in the brokerage account? | C57: dropdown
A58: 41 | B58: How often are statements sent? | C58: text
A59: 42 | B59: What information from the self-directed brokerage account is reflected and reported on the core participant quarterly statement? | C59: text
A60: 43 | B60: Are quarterly plan-level reports provided to the plan sponsor? | C60: dropdown
A61: 44 | B61: Describe any third parties involved in offering of the self-directed brokerage account services and explain their role. | C61: text
B62: Conversion
A63: 45 | B63: Would your organization require a test conversion of prior valuation and reconciliation of assets to balance before conversion? How is the test conducted? | C63: text
A64: 46 | B64: Describe the file formats you are capable of supporting to covert the existing TIF file records of historical file documentation for the individual members of the 457(b) and 401(a) plans. | C64: text
A65: 47 | B65: Identify comparable plan conversions in which you have been involved. How many conversions and plan implementations has your company conducted involving 135,000 eligible employees or more and how many involving 35,000 employees or more? | C65: text

Sheet Section VIII _Investments
C1: Current / Preferred Fund Information | J1: Alternate Fund Information | N1: Fund Expenses | O1: Revenue Sharing | Q1: Total Revenue Share ($)
B2: Put / MVA | C2: Current / Preferred Fund | D2: Assets - NJDCRP 401(a) | E2: Assets - NJSEDCP 457(b) | F2: Ticker Symbol | G2: Class Share | H2: Asset Class | I2: Can provide preferred fund | J2: Alternate Fund | K2: Ticker Symbol | L2: Class Share | M2: Relationship | N2: Expense Ratio (%) | O2: Revenue Sharing (%) | P2: Per Account Fees ($) | Q2: Assets - NJDCRP 401(a) | R2: Assets - NJSEDCP 457(b) | S2: Assets - Plan 3 | T2: Assets - Plan 4 | U2: Assets - Plan 5 | V2: Assets - Plan 6 | W2: Assets - Plan 7 | X2: Assets - Plan 8
C3: Vendor Instructions èè | I3: select from dropdown | J3: Leave blank if you can accommodate the proposed fund | K3: ABCDE | L3: A | M3: select from dropdown | N3: 0.0025 | O3: 0.001 | P3: 5.5
A4: 1 | B4: No put or MVA applies | C4: ARIEL INVESTMENTS SMALL/MID CAP VALUE FUND (IS PLATFORM) | D4: 1794230.9 | E4: 78916352 | F4: * | H4: Stock - Mid Cap US Equity | Q4: =D4*O4 -> 0 | R4: =E4*O4 -> 0 | S4: =#REF!*O4 -> #REF! | T4: =#REF!*O4 -> #REF! | U4: =E4*M4 -> 0 | V4: =#REF!*N4 -> #REF! | W4: =#REF!*O4 -> #REF! | X4: =#REF!*P4 -> #REF!
A5: 2 | B5: No put or MVA applies | C5: CALVERT EQUITY FUND CLASS I | D5: 2057350.5 | E5: 38772226 | F5: CEYIX | H5: Stock - Large Cap US Equity | Q5: =D5*O5 -> 0 | R5: =E5*O5 -> 0 | S5: =#REF!*O5 -> #REF! | T5: =#REF!*O5 -> #REF! | U5: =E5*M5 -> 0 | V5: =#REF!*N5 -> #REF! | W5: =#REF!*O5 -> #REF! | X5: =#REF!*P5 -> #REF!
A6: 3 | B6: No put or MVA applies | C6: CORE BOND ENHANCED INDEX / PGIM FUND | D6: 8313458 | E6: 4.7618899e+08 | F6: * | H6: Bond - Core Fixed income | Q6: =D6*O6 -> 0 | R6: =E6*O6 -> 0 | S6: =#REF!*O6 -> #REF! | T6: =#REF!*O6 -> #REF! | U6: =E6*M6 -> 0 | V6: =#REF!*N6 -> #REF! | W6: =#REF!*O6 -> #REF! | X6: =#REF!*P6 -> #REF!
A7: 4 | B7: No put or MVA applies | C7: CORE PLUS BOND / PGIM FUND | D7: 812020.23 | E7: 78672367 | F7: * | H7: Bond - Core Fixed income | Q7: =D7*O7 -> 0 | R7: =E7*O7 -> 0 | S7: =#REF!*O7 -> #REF! | T7: =#REF!*O7 -> #REF! | U7: =E7*M7 -> 0 | V7: =#REF!*N7 -> #REF! | W7: =#REF!*O7 -> #REF! | X7: =#REF!*P7 -> #REF!
A8: 5 | B8: No put or MVA applies | C8: DCP EQUITY FUND | D8: 0 | E8: 6.0724123e+08 | F8: * | H8: Stock - Large Cap US Equity | Q8: =D8*O8 -> 0 | R8: =E8*O8 -> 0 | S8: =#REF!*O8 -> #REF! | T8: =#REF!*O8 -> #REF! | U8: =E8*M8 -> 0 | V8: =#REF!*N8 -> #REF! | W8: =#REF!*O8 -> #REF! | X8: =#REF!*P8 -> #REF!
A9: 6 | B9: No put or MVA applies | C9: DCP SMALL CAP EQUITY FUND | D9: 0 | E9: 1.498824e+08 | F9: * | H9: Stock - Small Cap US Equity | Q9: =D9*O9 -> 0 | R9: =E9*O9 -> 0 | S9: =#REF!*O9 -> #REF! | T9: =#REF!*O9 -> #REF! | U9: =E9*M9 -> 0 | V9: =#REF!*N9 -> #REF! | W9: =#REF!*O9 -> #REF! | X9: =#REF!*P9 -> #REF!
A10: 7 | B10: Put or MVA applies | C10: DCP STABLE VALUE FUND | D10: 4.024417e+08 | E10: 1.2492355e+09 | F10: ** | H10: Stable Principal - Stable Value | Q10: =D10*O10 -> 0 | R10: =E10*O10 -> 0 | S10: =#REF!*O10 -> #REF! | T10: =#REF!*O10 -> #REF! | U10: =E10*M10 -> 0 | V10: =#REF!*N10 -> #REF! | W10: =#REF!*O10 -> #REF! | X10: =#REF!*P10 -> #REF!
A11: 8 | B11: No put or MVA applies | C11: DODGE & COX INTERNATIONAL STOCK FUND | D11: 1454948.7 | E11: 69208873 | F11: DODFX | H11: Stock - International Equity | Q11: =D11*O11 -> 0 | R11: =E11*O11 -> 0 | S11: =#REF!*O11 -> #REF! | T11: =#REF!*O11 -> #REF! | U11: =E11*M11 -> 0 | V11: =#REF!*N11 -> #REF! | W11: =#REF!*O11 -> #REF! | X11: =#REF!*P11 -> #REF!
A12: 9 | B12: Put or MVA applies | C12: INCOMEFLEX TARGET BALANCED FUND | D12: 2326740.4 | E12: 66032573 | F12: * | H12: Combination - Target Date | Q12: =D12*O12 -> 0 | R12: =E12*O12 -> 0 | S12: =#REF!*O12 -> #REF! | T12: =#REF!*O12 -> #REF! | U12: =E12*M12 -> 0 | V12: =#REF!*N12 -> #REF! | W12: =#REF!*O12 -> #REF! | X12: =#REF!*P12 -> #REF!
A13: 10 | B13: No put or MVA applies | C13: INTERNATIONAL BLEND / LAZARD FUND | D13: 7332016.2 | E13: 3.3281924e+08 | F13: * | H13: Stock - International Equity | Q13: =D13*O13 -> 0 | R13: =E13*O13 -> 0 | S13: =#REF!*O13 -> #REF! | T13: =#REF!*O13 -> #REF! | U13: =E13*M13 -> 0 | V13: =#REF!*N13 -> #REF! | W13: =#REF!*O13 -> #REF! | X13: =#REF!*P13 -> #REF!
A14: 11 | B14: No put or MVA applies | C14: INVESCO DEVELOPING MARKETS FUND CLASS Y | D14: 3195869.1 | E14: 1.1454385e+08 | F14: ODVYX | H14: Stock - Emerging Market Equity | Q14: =D14*O14 -> 0 | R14: =E14*O14 -> 0 | S14: =#REF!*O14 -> #REF! | T14: =#REF!*O14 -> #REF! | U14: =E14*M14 -> 0 | V14: =#REF!*N14 -> #REF! | W14: =#REF!*O14 -> #REF! | X14: =#REF!*P14 -> #REF!
A15: 12 | B15: No put or MVA applies | C15: LARGE CAP GROWTH II FUND (MANAGED BY ALLIANCEBERNSTEIN) | D15: 7492106.9 | E15: 1.8711888e+08 | F15: * | H15: Stock - Large Cap US Equity | Q15: =D15*O15 -> 0 | R15: =E15*O15 -> 0 | S15: =#REF!*O15 -> #REF! | T15: =#REF!*O15 -> #REF! | U15: =E15*M15 -> 0 | V15: =#REF!*N15 -> #REF! | W15: =#REF!*O15 -> #REF! | X15: =#REF!*P15 -> #REF!
... A30: 27 | B30: No put or MVA applies | C30: VANGUARD WELLESLEY INCOME FUND (ADMIRAL SHARES) | D30: 3774864.5 | E30: 1.100983e+08 | F30: * | H30: Combination - Balanced | Q30: =D30*O30 -> 0 | R30: =E30*O30 -> 0 | S30: =#REF!*O30 -> #REF! | T30: =#REF!*O30 -> #REF! | U30: =E30*M30 -> 0 | V30: =#REF!*N30 -> #REF! | W30: =#REF!*O30 -> #REF! | X30: =#REF!*P30 -> #REF!
B31: Totals | C31: Totals | D31: =SUM(D4:D30) -> 4.993164e+08 | E31: =SUM(E4:E30) -> 5.6267459e+09 | Q31: =SUM(Q4:Q30) -> 0 | R31: =SUM(R4:R30) -> 0 | S31: =SUM(S4:S30) -> #REF! | T31: =SUM(T4:T30) -> #REF! | U31: =SUM(U4:U30) -> 0 | V31: =SUM(V4:V30) -> #REF! | W31: =SUM(W4:W30) -> #REF! | X31: =SUM(X4:X30) -> #REF!
B34: *Institutional Separate Account: DCP Equity, Small Cap & Polen are single client accounts
B35: ** CIT plus Book Value Wrap
B36: Funds identified in Bold are included in the GoalMaker portfolios

Sheet Sheet3
A2: 1: Yes | B2: 1: Not Provided | C2: 1: In the U.S. | D2: 1: Always a fee | E2: 1: Internally | F2: 1: Optional | G2: 1: Administration manual only | H2: 1: Generic | I2: 1: Never | J2: 1: Yes | K2: 1: Market close | L2: 1: > 1 day | M2: 1: Web only | N2: 1: 12 | O2: 1: Reject Entire File | P2: 1: < 24 hours | Q2: 1: Neither | R2: 1: Web | S2: 1: Participant self-certification only | T2: 1: Yes | U2: 1: File transmission to payroll system (EFT) | V2: 1: Monthly | W2: 1: Balance realignment in percentages | X2: 1: Over 5 days | Y2: 1: Participant self-certification only | Z2: 1: Post payment as received | AA2: 1: Immediately after 1st payment missed | AB2: 1: Participant self-certify only | AC2: 1: Yes | AD2: 1: No | AE2: 1: Daily | AF2: 1: No | AG2: 1: Yes, without client involvement | AH2: 1: Selected by the participant | AI2: 1: Yes, service provided in-house | AJ2: 1: 0 | AK2: 1: Annually | AL2: 1: > 48 hours | AM2: 1: Monthly | AN2: 1: < 7 years | AO2: 1: Less than 2 years | AP2: 1: Automatically netted against any positive contribution | AQ2: 1: Post entire contribution (notify client of issue) | AR2: 1: 3 days or less | AS2: 1: 100% | AT2: 1: Keep same amortization schedule | AU2: 1: Execution of new loan agreement required | AV2: 1: Yes | AW2: 1: 24 hours | AX2: 1: < 4 weeks | AY2: 1: < 4 weeks | AZ2: 1: Yes - generic template only | BA2: 1: Initial announcement of recordkeeper selection / upcoming transition | BB2: 1: Yes | BC2: 1: Yes | BD2: 1: Yes, Spark I | BE2: 1: Approve transactions with information available | BF2: 1: Automated | BG2: 1: Yes, electronic available | BH2: 1: Do not track loans at other recordkeepers | BI2: 1: Daily | BJ2: 1: Funding is based on assets held only at our firm | BK2: 1: Website | BL2: 1: Not Available | BM2: 1: > 95% | BN2: 1: more than 48 hours | BO2: 1: Dedicated | BP2: 1: < 1 year | BQ2: 1: 99% or more | BR2: 1: Include client logo on website | BS2: 1: 1 year | BT2: 1: Yes | BU2: 1: No | BV2: 1: 99% or more | BW2: 1: Inquiry Only | BX2: 1: High School Diploma | BY2: 1: None | BZ2: 1: > 25 clients | CA2: 1: 5 years or less | CB2: 1: Annually | CC2: 1: Annually | CD2: 1: Develop custom “before and after” metrics | CE2: 1: 1 year | CF2: 1: Immediately | CG2: 1: Yes - generic template only | CH2: 1: < 4 weeks | CI2: 1: No | CJ2: 1: Unitized | CK2: 1: Yes. Describe | CL2: 1: Recordkeeper | CM2: 1: In-house system | CN2: 1: Client Level | CO2: 1: Yes | CP2: 1: Annually | CQ2: 1: Dollar per participant | CR2: 1: Yes - fees for these participants can be billed to client | CS2: 1: Partic w/balance at end of billing period | CT2: 1: Accrued daily within each participant’s account and deducted the earlier of a participant transacting within account or month end | CU2: 1: Part of the plan assets | CV2: 1: Never | CW2: 1: Pay eligible plan expenses | CX2: 1: Retained by your firm | CY2: 1: Separate line item | CZ2: 1: Not Applicable | DA2: 1: Yes - annually | DB2: 1: Monthly | DC2: 1: Client logo | DD2: 1: Next business day
A3: 2: No | B3: 2: In-house | C3: 2: Partially or entirely outside the U.S. | D3: 2: Term of contract | E3: 2: Externally by an independent third-party | F3: 2: Required | G3: 2: Individual administrative procedures only | H3: 2: Customized | I3: 2: At least once a year | J3: 2: No | K3: 2: Earlier than market close | L3: 2: Next day | M3: 2: Voice only | N3: 2: 24 | O3: 2: Process the correct portion while resolving errors | P3: 2: 24 hours | Q3: 2: Accept only | R3: 2: Voice | S3: 2: Recordkeeper will review/approve (based on safe harbor guidelines) | T3: 2: No | U3: 2: Post report or file on Plan Sponsor Website | V3: 2: Biweekly | W3: 2: Percentage from/percentage to | X3: 2: 3 - 5 days | Y3: 2: Recordkeeper will review/approve (based on safe harbor guidelines) | Z3: 2: Notify the client via email or phone | AA3: 2: Within 30 days after 1st payment missed | AB3: 2: Recordkeeper will review/approve | AC3: 2: Yes, minimum amount required | AD3: 2: Yes upon direction/approval from client | AE3: 2: Monthly | AF3: 2: Yes upon direction/approval from client | AG3: 2: Yes, with client involvement | AH3: 2: Determined by client | AI3: 2: Yes, service provided by third party partner | AJ3: 2: 1 | AK3: 2: Semiannually | AL3: 2: Within 48 hours | AM3: 2: Biweekly | AN3: 2: 7 years | AO3: 2: 2-5 years | AP3: 2: Automatically applied against current account balance only if the account balance is sufficient enough to cover the negative contribution | AQ3: 2: Post only the portion that does not exceed the limit | AR3: 2: 4 - 5 days | AS3: 2: > 95% | AT3: 2: Reamortize all loans | AU3: 2: Notice mailed to participant, no acceptance necessary | AV3: 2: No | AW3: 2: 48 hours | AX3: 2: 4 - 8 weeks | AY3: 2: 4 - 6 weeks | AZ3: 2: Yes - customized draft | BA3: 2: Detailed conversion newsletter with mapping information | BB3: 2: No | BC3: 2: No | BD3: 2: Yes, Spark II | BE3: 2: Approve transactions with manual processing to collect complete information | BF3: 2: Manual | BG3: 2: Yes, manually | BH3: 2: Can track, manual process | BI3: 2: Monthly | BJ3: 2: Funding is based on assets across all recordkeepers | BK3: 2: Call Center | BL3: 2: > 30 seconds | BM3: 2: 90 - 95% | BN3: 2: 24 - 48 hours | BO3: 2: Semi-dedicated | BP3: 2: 1 - 3 years | BQ3: 2: 97% - 98% | BR3: 2: Customized banner | BS3: 2: 2 years | BT3: 2: No | BU3: 2: Within the next 3 months | BV3: 2: 97% - 98% | BW3: 2: Limited transaction capability | BX3: 2: Associate Degree (2 year) | BY3: 2: 1-2 years | BZ3: 2: 16 - 25 clients | CA3: 2: 6 - 10 years | CB3: 2: Semiannually | CC3: 2: Semiannually | CD3: 2: Report the change in participation, allocation and transaction volume before and after the campaign | CE3: 2: 2 years | CF3: 2: within 2-4 hours | CG3: 2: Yes - customized draft | CH3: 2: 4 weeks | CI3: 2: With a RIA | CJ3: 2: Model construct | CK3: 2: No | CL3: 2: Client | CM3: 2: Financial Engines | CN3: 2: Participant Level | CO3: 2: No | CP3: 2: Quarterly | CQ3: 2: Basis points | CR3: 2: Yes - fees for these participants can be waived | CS3: 2: Elig + termed w/balance at end of billing period | CT3: 2: Accrued and deducted at month end | CU3: 2: Bookkeeping arrangement | CV3: 2: As requested by client | CW3: 2: Allocate to participants | CX3: 2: Allocated to participants | CY3: 2: Netted with earnings | CZ3: 2: Quarterly | DA3: 2: Yes – other frequency | DB3: 2: Quarterly | DC3: 2: Client color scheme | DD3: 2: 2-5 business days
B4: 3: Partially Outsourced | D4: 3: > 3 years | G4: 3: Both | H4: 3: Both (Portions are customized) | I4: 3: Only when there is a plan change or administrative policy change | J4: 3: Upon request only | L4: 3: Real-time | M4: 3: Yes, both | N4: 3: 26 | O4: 3: Other | P4: 3: 48 hours | Q4: 3: Initiate only | R4: 3: Call center representative | S4: 3: Both options are available | T4: 3: Only for balances that are eligible for distribution | U4: 3: Email to Plan Sponsor | V4: 3: Weekly | W4: 3: Dollar from/dollar to | X4: 3: 2 days or less | Y4: 3: Both options are available | Z4: 3: Reflect on report available for client review | AA4: 3: Within 60 days after 1st payment missed | AB4: 3: Both options are available | AC4: 3: No | AD4: 3: Yes without client involvement | AE4: 3: Quarterly | AF4: 3: Yes without client involvement | AG4: 3: No | AH4: 3: Determined by recordkeeper | AI4: 3: No | AJ4: 3: 2 | AK4: 3: Quarterly | AL4: 3: Within 24 hours | AM4: 3: Weekly | AN4: 3: Life of client engagement | AO4: 3: Over 5 years | AP4: 3: Processed separately and applied against current account balance only if the account balance is greater than $0 (assumes all or a portion of the negative contribution may be applied) | AQ4: 3: The contribution errors out and does not post | AR4: 3: 6 - 10 days | AS4: 3: > 90% | AU4: 3: Notice mailed to participant, acceptance required | AV4: 3: Only if in electronic format | AW4: 3: 3-5 days | AX4: 3: 9 - 11 weeks | AY4: 3: 7 - 8 weeks | AZ4: 3: No | BA4: 3: "Go live" announcement | BB4: 3: SDBA services not available | BC4: 3: Administration manual not available | BD4: 3: No | BE4: 3: Require plan sponsor approval | BG4: 3: No | BH4: 3: Can track, automated process | BI4: 3: Quarterly | BK4: 3: Phone Response System | BL4: 3: 21 - 30 seconds | BM4: 3: 85 - 90% | BN4: 3: Within 24 hours | BO4: 3: Take calls for any client | BP4: 3: 4 - 5 years | BQ4: 3: 95% - 96% | BR4: 3: Optional color schemes / artwork | BS4: 3: 3 years | BT4: 3: N/A | BU4: 3: Within the next 6 months | BV4: 3: 95% - 96% | BW4: 3: Full transaction capability | BX4: 3: Bachelor Degree (4 year) | BY4: 3: 3-5 years | BZ4: 3: 10 - 15 clients | CA4: 3: 10 - 20 years | CB4: 3: Quarterly | CC4: 3: Quarterly | CD4: 3: Other | CE4: 3: 3 years | CF4: 3: within 24 hours | CG4: 3: No | CH4: 3: 6 weeks | CI4: 3: Yes | CJ4: 3: Both | CL4: 3: N/A | CM4: 3: Morningstar | CN4: 3: Not Offered | CO4: 3: N/A | CP4: 3: Upon request | CQ4: 3: Combination asset based + dollars | CR4: 3: Yes – fees for these participants can be different than the other participants | CS4: 3: Anyone w/balance or activity during billing period | CT4: 3: Accrued monthly and deducted the following month end | CV4: 3: Annually | CW4: 3: Offset gross fees and then allocate any excess to participants | CX4: 3: Rolls over to the next year & continues to be available | CZ4: 3: Semiannually | DA4: 3: No | DB4: 3: Semi-annually | DC4: 3: Client theme | DD4: 3: 6-10 business days
B5: 4: Fully Outsourced | D5: 4: 3 years | G5: 4: Neither | I5: 4: Less frequently than annually | M5: 4: No | N5: 4: 52 | P5: 4: > 48 hours | Q5: 4: Both initiate and accept | R5: 4: Paper form | V5: 4: Daily | W5: 4: Shares from/shares to | Z5: 4: Reject loan repayment | AA5: 4: Within 90 days after 1st payment missed | AE5: 4: Semi-annually | AH5: 4: N/A | AJ5: 4: 3 | AK5: 4: Monthly | AL5: 4: Immediately | AM5: 4: Daily | AN5: 4: Indefinitely | AO5: 4: Life of client engagement | AP5: 4: The client is contacted for specific directions | AR5: 4: > 10 days | AS5: 4: > 85% | AX5: 4: 12 weeks | AY5: 4: 9 - 10 weeks | BC5: 4: Administration manual not created at conversion process but available after conversion | BE5: 4: Other: | BI5: 4: Semi-annually | BK5: 4: Mobile | BL5: 4: 11 - 20 seconds | BM5: 4: 80 - 85% | BP5: 4: 6 - 7 years | BQ5: 4: 90% - 94% | BR5: 4: Fully customizable | BS5: 4: > 3 years | BU5: 4: Within the next year | BV5: 4: 90% - 94% | BX5: 4: Other | BY5: 4: > 5 years | BZ5: 4: < 10 clients | CA5: 4: 20+ years | CB5: 4: Less than annually | CC5: 4: As needed | CD5: 4: We do not measure the success of each communication campaign | CE5: 4: > 3 years | CF5: 4: within 48 hours | CH5: 4: 8 weeks | CM5: 4: ProManage | CP5: 4: Less than annually | CR5: 4: No | CS5: 4: Anyone w/balance or activity during calendar year | CT5: 4: Accrued and deducted at quarter end | CV5: 4: Semiannually | CX5: 4: Other | CZ5: 4: Annually | DA5: 4: Upon client request only | DB5: 4: Annually | DC5: 4: Custom messaging from State | DD5: 4: >10 business days
D6: 5: 2 years | N6: 5: 104 | R6: 5: Mobile App | V6: 5: At client's request | AA6: 5: Other | AE6: 5: Annually | AJ6: 5: >3 | AK6: 5: Other | AM6: 5: Other | AO6: 5: Indefinitely | AP6: 5: Will not accept negative contributions on payroll files. | AS6: 5: 85% or less | AX6: 5: 13 weeks | AY6: 5: 11 - 12 weeks | BI6: 5: Annually | BL6: 5: 1 - 10 seconds | BM6: 5: < 80% | BP6: 5: > 7 years | BQ6: 5: < 90% | BU6: 5: > 1 year from now | BV6: 5: < 90% | CC6: 5: Less than annually | CF6: 5: > 48 hours | CH6: 5: 10 weeks | CM6: 5: ProNvest | CR6: 5: Other | CS6: 5: Other | CT6: 5: Accrued quarterly and deducted the following month end | CV6: 5: Quarterly | CZ6: 5: Biennially | DC6: 5: Portfolio rate of return
D7: 6: 1 year | N7: 6: Unlimited | AE7: 6: As requested by client | AX7: 6: 14 weeks | AY7: 6: > 12 weeks | BM7: 6: Information not available | BU7: 6: N/A | CH7: 6: 12 weeks | CM7: 6: Guided Choice | CT7: 6: Other | CZ7: 6: Other | DC7: 6: All of the above
D8: 7: < 1 year | N8: 7: Varies by case | AX8: 7: 15 weeks | CH8: 7: > 12 weeks | CM8: 7: MasteryPOINT | DC8: 7: None of the above
D9: 8: No early termination fee | AX9: 8: 16 weeks | CM9: 8: Other:
AX10: 9: > 16 weeks | CM10: 9: None of the above
